 Dungeon Crawl Stone Soup version 0.29-a0-925-g0a7a3d12f8 (webtiles) character file.

Game seed: 3732046649815290782

92 manyhoops the Ruffian (level 4, 0/33 (35) HPs)
             Began as a Demigod Transmuter on July 28, 2022.
             Slain by Crazy Yiuf
             ... wielding a +3 quarterstaff of chaos
              (7 damage)
             ... on level 2 of the Dungeon.
             The game lasted 00:01:58 (2824 turns).

manyhoops the Ruffian (Demigod Transmuter)          Turns: 2824, Time: 00:01:58

HP:   0/33 (35)     AC:  8    Str: 15    XL:     4   Next: 13%
MP:   1/9           EV:  9    Int: 15    God:
Gold: 62            SH:  0    Dex: 14    Spells: 5/6 levels left

rFire   + + .      SeeInvis .     - Unarmed
rCold   x . .      Faith    .   (no shield)
rNeg    . . .      Spirit   .   j - +0 fire dragon scales
rPois   .          Reflect  .   (helmet currently unavailable)
rElec   .          Harm     .   (no cloak)
rCorr   .          Rampage  .   (no gloves)
Will    .....                   (boots currently unavailable)
Stlth   ..........              (no amulet)
HPRegen 0.11/turn               (no ring)
MPRegen 0.11/turn               (no ring)

@: appendages (expiring), very slightly contaminated, drained
A: horns 2, talons 2, high MP 1, forlorn, divine attributes
a: End Transformation


You were on level 2 of the Dungeon.
You had temporarily grown beastly horns and talons.
You visited 1 branch of the dungeon, and saw 2 of its levels.

You collected 62 gold pieces.

Inventory:

Armour
 a - a +0 robe
 f - a +0 helmet (melded)
 j - +0 fire dragon scales (worn)
Scrolls
 d - a scroll of fear {unknown}
 e - a scroll of enchant weapon {unknown}
 h - a scroll of teleportation
 k - 2 scrolls of identify {unknown}
 l - a scroll of torment {unknown}
Potions
 b - a potion of lignification
 c - a potion of degeneration {unknown}
 g - 2 potions of heal wounds {unknown}
 i - a potion of curing {unknown}


   Skills:
 + Level 1.1 Fighting
 - Level 1.7 Dodging
 + Level 4.6 Unarmed Combat
 - Level 1.7 Spellcasting
 - Level 1.7 Transmutations


You had 5 spell levels left.
You knew the following spells:

 Your Spells              Type           Power      Damage    Failure   Level
a - Beastly Appendage     Tmut           12%        N/A       52%         1

Your spell library contained the following spells:

 Spells                   Type           Power      Damage    Failure   Level
 Wereblood                Tmut           6%         N/A       67%         2
 Blink                    Tloc           2%         N/A       88%         2
 Spider Form              Tmut/Pois      3%         N/A       95%         3
 Lesser Beckoning         Tloc           1%         N/A       98%         3
 Ice Form                 Ice/Tmut       3%         N/A       100%        4
 Manifold Assault         Tloc           1%         N/A       100%        5


Dungeon Overview and Level Annotations

Branches:
Dungeon (2/15)

Annotations:
D:2 Crazy Yiuf


Innate Abilities, Weirdness & Mutations

You have temporarily grown beastly horns and talons.
You have an increased reservoir of magic. (+10% MP)
You shall have no god before yourself.
Your divine heritage dramatically boosts your attributes as you level up.


Message History

Casting: Beastly Appendage (safe; 52% risk of failure)
Confirm with . or Enter, or press ? or * to list all spells.
You miscast Beastly Appendage.
Nothing appears to happen.
Casting: Beastly Appendage (safe; 52% risk of failure)
Confirm with . or Enter, or press ? or * to list all spells.
You miscast Beastly Appendage.
Nothing appears to happen.
Casting: Beastly Appendage (safe; 52% risk of failure)
Confirm with . or Enter, or press ? or * to list all spells.
You grow a pair of large bovine horns.
Your feet morph into talons.
Your +0 helmet melds into your body.
No reachable target in view!
You open the door. You barely miss Crazy Yiuf.
Crazy Yiuf says, "Whiteboard!"
Crazy Yiuf barely misses you.
You hit Crazy Yiuf.
Crazy Yiuf is moderately wounded.
Crazy Yiuf hits you with a +3 quarterstaff of chaos.
You feel drained.
You barely miss Crazy Yiuf. Your kick misses Crazy Yiuf.
Your punch misses Crazy Yiuf.
Crazy Yiuf is moderately wounded.
You closely miss Crazy Yiuf. You claw Crazy Yiuf, but do no damage.
Crazy Yiuf is moderately wounded.
Your transformation is almost over.
Crazy Yiuf hits you with a +3 quarterstaff of chaos.
You feel your power leaking away.
You barely miss Crazy Yiuf. Your kick misses Crazy Yiuf.
Crazy Yiuf is moderately wounded.
Crazy Yiuf hits you with a +3 quarterstaff of chaos!
You feel your power leaking away.
You hit Crazy Yiuf but do no damage. Your kick misses Crazy Yiuf.
Crazy Yiuf is moderately wounded.
Crazy Yiuf hits you with a +3 quarterstaff of chaos.
Crazy Yiuf freezes you.
* * * LOW HITPOINT WARNING * * *
You hit Crazy Yiuf but do no damage. Your headbutt misses Crazy Yiuf.
Crazy Yiuf is moderately wounded.
Crazy Yiuf hits you with a +3 quarterstaff of chaos!
You die...

#......# #.#
##########..
#......# ###
#......# #..
#....###
#......###..
#....# #####
#.....†'....
#....# #..)#
#......###..
#....# #...#
######## #..
#....# ...
###. #....#
#g# #...
###### ♣♣@♣
#... ♣.♣♣
#########...
♣♣.♣
#...........
♣.♣♣
#.##########
♣♣.♣♣ #.#
♣...♣♣ #.#
♣....♣ #.#
##..## #.#
#....####.#


You could see Crazy Yiuf.

Vanquished Creatures
  Jessica (D:2)
  An adder (D:2)
  A worm (D:2)
  3 dart slugs (D:2)
  A bat (D:2)
  3 endoplasms
  4 giant cockroaches
  6 hobgoblins
  2 jackals (D:1)
  A kobold (D:1)
  3 quokkas
  8 ball pythons
  2 frilled lizards
  3 goblins
  6 rats
45 creatures vanquished.

Notes
Turn   | Place    | Note
-------+----------+-------------------------------------------
     0 | D:1      | manyhoops the Demigod Transmuter began the quest for the
                  | Orb.
     0 | D:1      | Reached XP level 1. HP: 15/15 MP: 5/5
    36 | D:1      | Reached skill level 3 in Unarmed Combat
   380 | D:1      | Reached XP level 2. HP: 5/22 MP: 7/7
  1639 | D:2      | HP: 1/22 [worm (9)]
  1646 | D:2      | Noticed Jessica
  1944 | D:2      | Reached XP level 3. HP: 25/27 MP: 8/8
  1962 | D:2      | Killed Jessica
  1963 | D:2      | Reached skill level 1 in Fighting
  1963 | D:2      | Reached skill level 4 in Unarmed Combat
  2400 | D:2      | Reached XP level 4. HP: 27/35 MP: 9/9
  2638 | D:2      | Found a runed translucent door.
  2639 | D:2      | Noticed Crazy Yiuf
  2824 | D:2      | Slain by Crazy Yiuf

Illustrated notes

Levels and vault maps discovered:
D:1:      dpeg_arrival_erosion, layout_basic, grunt_decor_fettered,
          columned_hall_lemuel, lemuel_another_geyser
D:2:      layout_basic, basic_altar, uniq_jessica, uniq_crazy_yiuf_cottage

Skill      XL: |  1  2  3 |
---------------+----------+-----
Unarmed Combat | 3 4 |  4.6
Fighting       | 1 |  1.1
Dodging        | |  1.7
Spellcasting   | |  1.7
Transmutations | |  1.7

Action                   |  1- 3 |  4- 6 || total
-------------------------+-------+-------++-------
Melee: Unarmed           |   135 |    25 ||   160
       Kick              |     8 |     1 ||     9
       Headbutt          |     5 |       ||     5
       Punch             |     3 |     2 ||     5
 Cast: Beastly Appendage |    11 |     1 ||    12
  Use: Scroll            |       |     1 ||     1
 Stab: Sleeping          |     1 |       ||     1
Armor: Robe              |    24 |       ||    24
       Fire dragon scale |     7 |     5 ||    12
Dodge: Dodged            |    89 |     9 ||    98

Table legend: (Time is in decaauts)
 A = Elapsed time spent in this place.
 B = Non-inter-level travel time spent in this place.
 C = Inter-level travel time spent in this place.
 D = Time resting spent in this place.
 E = Time spent auto-exploring this place.
 F = Levels seen in this place.
 G = Mean time per level.
                   A        B        C        D        E       F      G
               +--------+--------+--------+--------+--------+-----+--------+
         Total |   2813 |   2759 |     54 |    279 |   2136 |   2 | 1406.5 |
       Dungeon |   2813 |   2759 |     54 |    279 |   2136 |   2 | 1406.5 |
               +--------+--------+--------+--------+--------+-----+--------+

Top non-repeatable levels by time:
     D:1: 1825 daAuts
     D:2: 987 daAuts
